 Dungeon Crawl Stone Soup version 0.30-b1-2-g02819fbbbe (webtiles) character file.

Game seed: 1422947827322927716

291 sanka the Digger (level 6, 0/48 HPs)
             Began as an Armataur Earth Elementalist on May 17, 2023.
             Slain by Duvessa
             ... wielding a +0 short sword
              (7 damage)
             ... on level 3 of the Dungeon.
             The game lasted 00:03:50 (2784 turns).

sanka the Digger (Armataur Earth Elementalist)      Turns: 2784, Time: 00:03:50

Health: 0/48       AC: 10    Str: 13    XL:     6   Next: 10%
Magic:  3/9        EV:  7    Int: 17    God:
Gold:   190        SH:  0    Dex: 11    Spells: 3/9 levels left

rFire   . . .        o - +1 dagger (venom)
rCold   . . .        (no shield)
rNeg    . . .        a - +0 robe
rPois   +            s - +0 helmet
rElec   .            (no cloak)
rCorr   .            n - +0 pair of gloves
SInv    .            m - +0 barding
Will    .....        (no amulet)
Stlth   ++           j - ring of poison resistance
HPRegen 0.28/turn    (no ring)
MPRegen 0.11/turn

%: roll
@: mighty
A: large, rugged brown scales 3, deformed body, armoured tail, roll, long
tongue, awkward tongue
a: no special abilities


You were on level 3 of the Dungeon.
You visited 1 branch of the dungeon, and saw 4 of its levels.

You collected 190 gold pieces.

Inventory:

Hand Weapons
 o - a +1 dagger of venom (weapon)
Armour
 a - a +0 robe (worn)
 m - a +0 barding (worn)
 n - a +0 pair of gloves (worn)
 s - a +0 helmet (worn)
Jewellery
 j - a ring of poison resistance (left hand)
Wands
 v - a wand of flame (16)
Scrolls
 c - 4 scrolls of identify {unknown}
 e - a scroll of poison {unknown}
 h - 2 scrolls of immolation {unknown}
 p - 2 scrolls of brand weapon {unknown}
 r - a scroll of vulnerability {unknown}
 t - a scroll of teleportation {unknown}
Potions
 b - a potion of magic
 d - 2 potions of haste {unknown}
 f - a potion of ambrosia {unknown}
 g - 3 potions of brilliance {unknown}
 i - 2 potions of berserk rage {unknown}
 k - a potion of resistance {unknown}
 l - 2 potions of might
 q - a potion of heal wounds {unknown}
 u - a potion of flight {unknown}
 w - a potion of curing {@q1}


   Skills:
 - Level 1.3 Dodging
 - Level 2.1 Stealth
 - Level 2.0 Spellcasting
 + Level 2.3 Conjurations
 - Level 1.0 Transmutations
 + Level 5.5 Earth Magic


You had 3 spell levels left.
You knew the following spells:

 Your Spells              Type           Power      Damage    Failure   Level
a - Sandblast             Erth           40%        2d10      1%          1
b - Passwall              Tmut/Erth      10%        N/A       8%          2
c - Stone Arrow           Conj/Erth      30%        3d8       12%         3

Your spell library contained the following spells:

 Spells                   Type           Power      Damage    Failure   Level
 Slow                     Hex            4%         N/A       19%         1
 Confusing Touch          Hex            1%         N/A       50%         3
 Vampiric Draining        Necr           1%         2d6       50%         3
 Petrify                  Tmut/Erth      12%        N/A       45%         4


Dungeon Overview and Level Annotations

Branches:
Dungeon (4/15)
 Temple: D:4-7

Altars:

Annotations:
D:3 1 runed translucent door, Crazy Yiuf, Dowan, Duvessa


Innate Abilities, Weirdness & Mutations

You are completely covered in rugged brown scales. (AC +3, +7% HP)
Armour fits poorly on your strangely shaped body.
You have a long armoured tail.
You roll when moving toward enemies. (Rampage)
Your long tongue fully drains potion bottles. (2x potion effects)
Your tongue gives you trouble enunciating. (1.5x scroll delay)


Message History

Duvessa drinks a potion.
Duvessa is healed!
Duvessa looks more healthy.
Duvessa hits you with a +0 short sword.
The blast of sand hits Duvessa but does no damage.
Duvessa is heavily wounded.
Duvessa hits you but does no damage.
The blast of sand hits Duvessa but does no damage.
Duvessa is heavily wounded.
Duvessa hits you but does no damage.
Duvessa says, "Where magic fails, the sword succeeds!"
Duvessa hits you with a +0 short sword. Dowan barely misses you.
You hit Duvessa but do no damage.
Duvessa is poisoned.
Duvessa is heavily wounded.
Duvessa hits you with a +0 short sword! Dowan hits you but does no damage.
You hit Duvessa but do no damage.
Duvessa looks as sick as possible!
Your tail-slap misses Duvessa.
Duvessa is heavily wounded.
Duvessa hits you but does no damage. Dowan hits you but does no damage.
You hit Duvessa.
Duvessa looks as sick as possible!
You tail-slap Duvessa.
Duvessa is severely wounded.
Duvessa hits you with a +0 short sword.
* * * LOW HITPOINT WARNING * * *
Dowan hits you with a +0 dagger.
* * * LOW HITPOINT WARNING * * *
You hit Duvessa but do no damage.
Duvessa looks as sick as possible!
Duvessa is severely wounded.
Duvessa barely misses you. Dowan casts a spell at you.
You resist with some effort.
You hit Duvessa.
Duvessa looks as sick as possible!
You tail-slap Duvessa, but do no damage.
Duvessa is severely wounded.
Duvessa hits you with a +0 short sword.
* * * LOW HITPOINT WARNING * * *
Dowan hits you with a +0 dagger.
* * * LOW HITPOINT WARNING * * *
It was a potion of might.
You feel very mighty all of a sudden.
You slurp down every last drop of the potion of might!
Duvessa hits you with a +0 short sword!
You die...

.....# #.# .....# #.#
######## #.# #...# #.#
#...# #.#####
#...#######.#...#
#...+.......#.#.#
####...######..#e#.#
.......######..#@#.#
...............#e#.#
........#####.#..#.###
......#.#####........#
####..#............#.#
##.#..........).#.#
#####.#...#.(.#..#.#.#
....#.#.#.#......#.#.#
......#.#.######.#.#.#


You could see Duvessa (extremely poisoned) and Dowan.

Vanquished Creatures
  A black bear (D:3)
  A scorpion (D:3)
  Jessica (D:3)
  5 adders (D:3)
  2 worms
  A dart slug (D:2)
  8 ball pythons
  3 endoplasms
  5 giant cockroaches
  5 hobgoblins
  8 jackals
  3 kobolds
  2 quokkas (D:3)
  6 bats
  A frilled lizard (D:2)
  5 goblins
  2 rats (D:2)
59 creatures vanquished.

Notes
Turn   | Place    | Note
-------+----------+-------------------------------------------
     0 | D:1      | sanka the Armataur Earth Elementalist began the quest for
                  | the Orb.
     0 | D:1      | Reached XP level 1. HP: 14/14 MP: 3/3
   123 | D:1      | Reached skill level 1 in Transmutations
   274 | D:1      | Reached skill level 3 in Earth Magic
   796 | D:1      | Reached XP level 2. HP: 21/21 MP: 3/5
  1256 | D:2      | Reached XP level 3. HP: 27/27 MP: 6/6
  1513 | D:3      | Reached skill level 4 in Earth Magic
  1550 | D:3      | Reached XP level 4. HP: 30/35 MP: 7/7
  1739 | D:3      | Noticed Jessica
  1743 | D:3      | Killed Jessica
  1829 | D:3      | Learned a level 2 spell: Passwall
  1833 | D:3      | Learned a level 3 spell: Stone Arrow
  2227 | D:3      | Found a runed translucent door.
  2228 | D:3      | Noticed Crazy Yiuf
  2282 | D:3      | Reached skill level 5 in Earth Magic
  2381 | D:3      | Reached XP level 5. HP: 40/40 MP: 6/8
  2605 | D:4      | Noticed a black bear
  2618 | D:3      | Reached skill level 1 in Conjurations
  2627 | D:3      | Killed a black bear
  2628 | D:3      | Reached XP level 6. HP: 14/48 MP: 5/9
  2751 | D:4      | Noticed Duvessa
  2751 | D:4      | Noticed Dowan
  2784 | D:3      | Slain by Duvessa

Illustrated notes

Levels and vault maps discovered:
D:1:      dpeg_arrival_houses_and_road, layout_basic
D:2:      layout_rooms
D:3:      layout_basic, kennysheep_jessica_study, uniq_crazy_yiuf_cottage
D:4:      layout_basic, gammafunk_temple_overflow_pools,
          chequers_serial_rivers_micro_c, moated_statue, uniq_duvessa

Skill      XL: |  1  2  3  4  5 |
---------------+----------------+-----
Transmutations | 1 |  1.0
Spellcasting   | 2 |  2.0
Earth Magic    | 3 4 5 |  5.5
Conjurations   | 2 |  2.3
Dodging        | |  1.3
Stealth        | |  2.1

Action                     |  1- 3 |  4- 6 || total
---------------------------+-------+-------++-------
  Melee: Dagger            |    75 |    55 ||   130
         Tailslap          |     6 |     8 ||    14
         Punch             |       |     1 ||     1
   Cast: Sandblast         |    12 |    24 ||    36
    Use: Potion            |       |     1 ||     1
   Stab: Sleeping          |       |     1 ||     1
 Armour: Robe              |    59 |    69 ||   128
  Dodge: Dodged            |    35 |    27 ||    62
